 Dungeon Crawl Stone Soup version 0.26.0-15-gc6cd9f700b (webtiles) character file.

Game seed: 15654462396126365155

65 runemasterragnar the Skirmisher (level 4, -1/50 HPs)
             Began as an Ogre Chaos Knight on Jan 16, 2021.
             Was a Plaything of Xom.
             Slain by Crazy Yiuf
             ... wielding a +4 quarterstaff of chaos
              (18 damage)
             ... on level 2 of the Dungeon.
             The game lasted 00:02:02 (1784 turns).

runemasterragnar the Skirmisher (Ogre Chaos Knight) Turns: 1784, Time: 00:02:03

Health: -1/50      AC:  5    Str: 16      XL:     4   Next: 13%
Magic:  4/4        EV: 10    Int: 13 (14) God:    Xom [.....*]
Gold:   178        SH:  0    Dex:  8      Spells: 3/3 levels left

rFire    + . .     SeeInvis .   n - +1 hand axe (vamp)
rCold    . . .     Faith    .   (no shield)
rNeg     . . .     Spirit   .   b - +2 robe
rPois    .         Reflect  .   (helmet restricted)
rElec    .         Harm     .   (no cloak)
rCorr    .         Rampage  .   (gloves unavailable)
Will     .....                  (boots unavailable)
Stlth    +.........             (no amulet)
HPRegen  0.16/turn              i - ring of protection from fire
MPRegen  0.09/turn              (no ring)

@: lethally poisoned (-1 -> -5)
A: large, unfitting armour, tough skin 1
a: Renounce Religion


You were on level 2 of the Dungeon.
You worshipped Xom.
You were Xom's teddy bear.
You visited 1 branch of the dungeon, and saw 2 of its levels.

You collected 178 gold pieces.

Inventory:

Hand Weapons
 a - a +0 hand axe of chaos
 n - a +1 vampiric hand axe (weapon)
Missiles
 j - 9 poisoned darts (quivered)
 k - 5 curare-tipped darts
Armour
 b - a +2 robe (worn)
Jewellery
 i - a ring of protection from fire (left hand)
Scrolls
 d - 3 scrolls of magic mapping {unknown}
 f - 2 scrolls of teleportation {unknown}
 g - a scroll of identify {unknown}
 h - a scroll of remove curse {unknown}
 m - 2 scrolls of enchant armour {unknown}
 o - a scroll of fog {unknown}
Potions
 c - a potion of might {unknown}
 e - a potion of heal wounds {unknown}
 l - 2 potions of attraction {unknown}


   Skills:
 * Level 5.4 Fighting
 + Level 3.5 Axes
 + Level 2.7 Dodging


You had 3 spell levels left.
You didn't know any spells.
Your spell library was empty.

Dungeon Overview and Level Annotations

Branches:
Dungeon (2/15)

Altars:

Annotations:
D:2 Crazy Yiuf


Innate Abilities, Weirdness & Mutations

You are too large for most types of armour.
You have tough skin. (AC +1)


Message History

Crazy Yiuf is almost dead.
Crazy Yiuf barely misses you.
You barely miss Crazy Yiuf.
Crazy Yiuf is almost dead.
Crazy Yiuf hits you with a +4 quarterstaff of chaos!
* * * LOW HITPOINT WARNING * * *
Crazy Yiuf draws strength from your wounds!
You hit Crazy Yiuf.
You feel better.
Crazy Yiuf is severely wounded.
Your cleaving frenzy subsides.
Crazy Yiuf says, "The present is the child, and the necessary child, of all the past, and the mother of all the future."
Crazy Yiuf hits you but does no damage.
You are poisoned.
Unknown command.
You hit Crazy Yiuf.
You feel better.
Crazy Yiuf is almost dead.
You feel sick.
Crazy Yiuf says, "My goal is simple.
It is a complete understanding of the universe, why it is as it is and why it exists at all."
Crazy Yiuf hits you with a +4 quarterstaff of chaos!!
You die...

.#
#......#
# .#
#......#
# .#
#....)[#
# .#
#......#
# .#
#......#
# .#
#).....#
# .#
#......#
# .#
#####
########
# .#
#).@# #
.# #..g#
# ÷#
#..(# .#
##'## .#
♣.♣♣ .#
♣♣.♣ .#
♣.♣♣
#### .#
♣♣.♣
#... .#
♣♣.♣♣
#.##


You could see Crazy Yiuf.

Vanquished Creatures
  An adder (D:2)
  A gnoll (D:1)
  A river rat (D:2)
  3 dart slugs
  2 ball pythons
  2 giant cockroaches
  3 hobgoblins
  4 jackals (D:1)
  4 kobolds
  A quokka (D:2)
  4 frilled lizards (D:2)
  7 rats
33 creatures vanquished.

Notes
Turn   | Place    | Note
-------+----------+-------------------------------------------
     0 | D:1      | runemasterragnar the Ogre Chaos Knight began the quest for
                  | the Orb.
     0 | D:1      | Reached XP level 1. HP: 24/24 MP: 1/1
    83 | D:1      | Reached XP level 2. HP: 33/33 MP: 2/2
   183 | D:1      | XOM: silly message
   261 | D:1      | Reached XP level 3. HP: 20/41 MP: 3/3
   284 | D:1      | XOM: silly message
   656 | D:2      | Reached skill level 5 in Fighting
   666 | D:2      | XOM: silly message
   677 | D:2      | XOM: 4-stop teleportation journey
  1045 | D:2      | Reached XP level 4. HP: 48/50 MP: 4/4
  1110 | D:2      | XOM: silly message
  1178 | D:2      | XOM: stat loss: -1 Int (13/14)
  1552 | D:2      | Found a runed translucent door.
  1553 | D:2      | Noticed Crazy Yiuf
  1773 | D:2      | XOM: cleaving
  1784 | D:2      | Slain by Crazy Yiuf

Illustrated notes

Levels and vault maps discovered:
D:1:      dpeg_arrival_circle_labyrinth_a, layout_basic
D:2:      layout_basic, uniq_crazy_yiuf_cottage

Skill      XL: |  1  2  3 |
---------------+----------+-----
Fighting       | 5 |  5.4
Axes           | |  3.5
Dodging        | |  2.7

Action                   |  1- 3 |  4- 6 || total
-------------------------+-------+-------++-------
Melee: Hand axe          |    67 |    26 ||    93
Throw: Dart              |     1 |     1 ||     2
 Stab: Petrifying        |     1 |       ||     1
       Petrified         |     1 |       ||     1
       Paralysed         |     1 |       ||     1
Armor: Robe              |    20 |     9 ||    29
Dodge: Dodged            |    41 |     9 ||    50
